 Dungeon Crawl Stone Soup version 0.21.1-1-g345015f (webtiles) character file.

80 Iko the Shield-Bearer (level 4, -2/42 HPs)
             Began as a Deep Dwarf Fighter on May 11, 2018.
             Killed from afar by Dowan (5 damage)
             ... with a puff of flame
             ... on level 5 of the Dungeon.
             The game lasted 00:08:49 (892 turns).

Iko the Shield-Bearer (Deep Dwarf Fighter)           Turns: 892, Time: 00:08:49

Health: -2/42      AC:  7    Str: 24    XL:     4   Next: 18%
Magic:  4/4        EV:  7    Int: 10    God:
Gold:   102        SH:  9    Dex: 12    Spells: 3/3 levels left

rFire    . . .     SeeInvis .   f - +0 dagger
rCold    . . .     Gourm    .   b - +0 shield
rNeg     . . .     Faith    .   a - +0 scale mail
rPois    .         Spirit   .   (no helmet)
rElec    .         Reflect  .   (no cloak)
rCorr    .         Harm     .   (no gloves)
MR       .....                  h - +0 pair of boots
Stlth    ..........             (no amulet)
HPRegen  0.00/turn              (no ring)
MPRegen  0.09/turn              (no ring)

@: mighty, non-regenerating, hasted, glowing, heavily drained, very quick
A: damage resistance, heal wounds, sense surroundings 1, no regeneration
a: Heal Wounds


You were on level 5 of the Dungeon.
You were not hungry.

You visited 1 branch of the dungeon, and saw 5 of its levels.

You collected 102 gold pieces.

Inventory:

Hand Weapons
 f - a +0 dagger (weapon)
 i - a +0 long sword
Armour
 a - a +0 scale mail (worn)
 b - a +0 shield (worn)
 h - a +0 pair of boots (worn)
Scrolls
 e - a scroll of remove curse
Comestibles
 d - 4 rations


   Skills:
 + Level 3.1(1.7) Fighting
 + Level 0.1(0.0) Short Blades
 + Level 4.0(2.6) Armour
 + Level 0.5(0.0) Dodging
 + Level 4.1(2.7) Shields
 + Level 2.3(1.0) Unarmed Combat


You had 3 spell levels left.
You didn't know any spells.

Dungeon Overview and Level Annotations

Branches:
Dungeon (5/15)
 Temple: D:4-7

Altars:

Annotations:
D:5 Dowan, Duvessa


Innate Abilities, Weirdness & Mutations

You are resistant to damage.
You can heal yourself by infusing magical energy.
You passively map a small area around you.
You do not regenerate.


Message History

You feel drained.
Dowan points at you and mumbles some strange words.
You are outlined in light.
You hit Duvessa.
Duvessa is heavily wounded.
Dowan casts a spell at you. The puff of flame hits you!
* * * LOW HITPOINT WARNING * * *
Duvessa barely misses you.
You barely miss Duvessa.
Duvessa is heavily wounded.
Duvessa hits you with a rapier of draining!
* * * LOW HITPOINT WARNING * * *
You feel drained.
You feel yourself speed up. You block Duvessa's attack.
You barely miss Duvessa.
Duvessa is heavily wounded.
Dowan points at you and mumbles some strange words.
The puff of flame hits you!
You die...

. ,..# #...........##..
. ...###
#####.....##....#
*##....
.................
......########.#........
...............###.#####
, .#.............###.# *
, #..........†)...##.#
#.....e............# ,
......e@........#..#
................#..# ,
.....w..........#,..., ,
................# .## ,
...............## .. ,
..?...........##
..$..####...### * ,
....., ..... , , ,


You could see Duvessa, Dowan and a worm.

Vanquished Creatures
  A hound (D:4)
  A worker ant (D:4)
  An adder (D:5)
  2 leopard geckos
  2 orcs
  2 jackals (D:4)
  2 quokkas (D:4)
  A ball python (D:1)
  2 bats (D:2)
  2 frilled lizards
  A jackal skeleton (D:4)
  A rat (D:1)
18 creatures vanquished.

Notes
Turn   | Place    | Note
-------+----------+-------------------------------------------
     0 | D:1      | Iko the Deep Dwarf Fighter began the quest for the Orb.
     0 | D:1      | Reached XP level 1. HP: 20/20 MP: 1/1
   255 | D:5      | Entered Level 5 of the Dungeon
   255 | D:5      | Noticed Duvessa
   255 | D:5      | Noticed Dowan
   342 | D:4      | Noticed a hound
   372 | D:4      | Killed a hound
   372 | D:4      | Reached XP level 2. HP: 25/28 MP: 2/2
   372 | D:4      | Reached XP level 3. HP: 30/34 MP: 3/3
   836 | D:5      | Reached XP level 4. HP: 22/42 MP: 4/4
   892 | D:5      | Killed from afar by Dowan

Skill      XL: |  1  2  3 |
---------------+----------+-----
Fighting       | 3 |  3.1
Unarmed Combat | 2 |  2.3
Armour         | 4 |  4.0
Shields        | 4 |  4.1
Short Blades   | |  0.1
Dodging        | |  0.5

Action                   |  1- 3 |  4- 6 || total
-------------------------+-------+-------++-------
Melee: Unarmed           |    93 |       ||    93
       Dagger            |    76 |    20 ||    96
 Abil: Heal Wounds       |     1 |       ||     1
  Use: Scroll            |     6 |       ||     6
       Potion            |     3 |     2 ||     5
Armor: Scale mail        |    76 |     4 ||    80
Dodge: Dodged            |    53 |     4 ||    57
Block: Shield            |    89 |     9 ||    98
